 Dungeon Crawl Stone Soup version 0.31-a0-108-gdf935468f2 (webtiles) character file.

Game seed: 10020844882340886394

1192 NateTC the Cleaver (level 8, -4/73 HPs)
             Began as a Minotaur Fighter on May 28, 2023.
             Was an Initiate of Gozag.
             Slain by Maggie
             ... wielding a +2 broad axe of flaming
              (6 damage)
             ... on level 7 of the Dungeon.
             The game lasted 00:05:37 (5026 turns).

NateTC the Cleaver (Minotaur Fighter)               Turns: 5026, Time: 00:05:37

Health: -4/73      AC: 10    Str: 23    XL:     8   Next: 20%
Magic:  7/7        EV:  8    Int:  5    God:    Gozag
Gold:   399        SH:  5    Dex: 10    Spells: 7/7 levels left

rFire   . . .        a - +1 war axe (heavy)
rCold   . . .        c - +1 buckler
rNeg    . . .        f - +1 chain mail
rPois   .            (helmet restricted)
rElec   .            (no cloak)
rCorr   .            (no gloves)
SInv    .            (no boots)
Will    .....        (no amulet) Stlth
                     n - ring of flight
HPRegen 0.32/turn    (no ring)
MPRegen 0.10/turn

%: no passive effects
@: mighty, flying, mesmerised
A: horns 2, retaliatory headbutt
a: Renounce Religion, Potion Petition, Call Merchant, Bribe Branch


You were on level 7 of the Dungeon.
You worshipped Gozag.
Gozag was aware of your devotion.
You visited 2 branches of the dungeon, and saw 8 of its levels.

You collected 683 gold pieces.
You paid 284 gold pieces to Gozag.

Inventory:

Hand Weapons
 a - a +1 heavy war axe (weapon)
Missiles
 r - 3 throwing nets (quivered)
Armour
 c - a +1 buckler (worn)
 f - a +1 chain mail (worn)
Jewellery
 n - a ring of flight (left hand)
Wands
 l - a wand of light (7)
 p - a wand of mindburst (10)
Scrolls
 e - a scroll of amnesia
 h - 3 scrolls of immolation
 j - a scroll of fear
 k - 2 scrolls of blinking
 m - 3 scrolls of teleportation
 s - 2 scrolls of silence
Potions
 b - 2 potions of haste
 g - a potion of attraction
 i - a potion of mutation
 t - a potion of enlightenment {unknown}


   Skills:
 + Level 7.4 Fighting
 * Level 10.1 Axes
 - Level 3.6 Armour
 - Level 3.6 Shields


You had 7 spell levels left.
You didn't know any spells.
Your spell library contained the following spells:

 Spells                   Type           Power      Damage    Failure   Level
 Ozocubu's Armour         Ice            0%         N/A       100%        3
 Ozocubu's Refrigeration  Ice            0%         4d7       100%        7


Dungeon Overview and Level Annotations

Branches:
Dungeon (7/15) Zot: 26959  Temple (1/1) D:4 Zot: 5927

Altars:
Ashenzari
Cheibriados
Dithmenos
Fedhas
Gozag
Hepliaklqana
Kikubaaqudgha
Makhleb
Nemelex Xobeh
Okawaru
Qazlal
Sif Muna
Trog
Uskayaw
Vehumet
Wu Jian
Xom
Yredelemnul
Zin
The Shining One

Annotations:
D:7 Maggie


Innate Abilities, Weirdness & Mutations

You have a pair of horns on your head.
You reflexively headbutt those who attack you in melee.


Message History

Maggie points at you and mumbles some strange words.
The bolt of fire misses you.
The tree burns like a torch!
The gnoll sergeant hits you but does no damage.
You barely miss Maggie. You headbutt Maggie.
Maggie is lightly wounded.
You block Maggie's attack. You block the gnoll sergeant's attack.
You slice Maggie!! Your headbutt misses Maggie.
Maggie is heavily wounded.
Maggie casts a spell.
Maggie attempts to bespell you!
You are mesmerised by Maggie!
You block the gnoll sergeant's attack.
Maggie gestures wildly while chanting.
Maggie draws you further into her thrall.
The gnoll sergeant hits you from afar with a +0 spear.
* * * LOW HITPOINT WARNING * * *
You slice Maggie!!
Maggie is almost dead.
Maggie hits you with a +2 broad axe of flaming!
* * * LOW HITPOINT WARNING * * *
Maggie burns you.
* * * LOW HITPOINT WARNING * * *
The gnoll sergeant barely misses you.
Okay, then. [a] - 160 gold - might and brilliance [b] - 638 gold - haste, enlightenment, resistance and might [c] - 220 gold - curing and magic Purchase which effect?
You no longer have enough gold to petition Gozag for potion effects.
You feel better. Magic courses through your body.
Maggie mumbles some strange words.
Maggie draws you further into her thrall.
The gnoll sergeant hits you but does no damage.
You closely miss Maggie.
Maggie is almost dead.
Maggie hits you with a +2 broad axe of flaming!
* * * LOW HITPOINT WARNING * * *
Maggie burns you.
You die...
Your body crumbles into a pile of gold.

.## ... ....
##### .....
#...# ##.....
##♣.<.♣##.......
#..§§§..#$......
#.<§§§..@@g..!.#
#..§§§..#$.....#
##♣.>.♣##..##+##
#...# ..# #####
###


You could see Maggie (mesmerising) and a gnoll sergeant.

Vanquished Creatures
  A steam dragon (D:7)
  2 ice beasts
  2 scorpions (D:5)
  A howler monkey (D:5)
  2 jellies
  An orc priest (D:4)
  3 hounds
  A sleepcap (D:4)
  5 orc wizards
  Robin (D:2)
  12 adders
  10 gnolls
  A shadow imp (D:6)
  2 white imps (D:5)
  An ufetubus (D:5)
  2 worms
  3 dart slugs
  29 orcs
  4 ball pythons
  4 endoplasms
  4 giant cockroaches
  13 goblins
  14 hobgoblins
  9 kobolds
  2 quokkas
  3 bats
  A frilled lizard (D:2)
  5 rats
138 creatures vanquished.

Notes
Turn   | Place    | Note
-------+----------+-------------------------------------------
     0 | D:1      | NateTC the Minotaur Fighter began the quest for the Orb.
     0 | D:1      | Reached XP level 1. HP: 19/19 MP: 0/0
    82 | D:1      | Reached skill level 3 in Axes
   155 | D:1      | Reached XP level 2. HP: 15/26 MP: 1/1
   494 | D:1      | Reached skill level 4 in Axes
   838 | D:2      | Reached XP level 3. HP: 32/33 MP: 2/2
   896 | D:2      | Noticed Robin
   915 | D:2      | Killed Robin
   924 | D:2      | Reached XP level 4. HP: 28/40 MP: 3/3
   990 | D:2      | Reached skill level 5 in Axes
  1768 | D:3      | Reached XP level 5. HP: 38/47 MP: 4/4
  1772 | D:3      | Reached skill level 6 in Axes
  1870 | D:3      | Found an iron altar of Okawaru.
  2217 | D:4      | Reached skill level 5 in Fighting
  2229 | D:4      | Reached XP level 6. HP: 56/56 MP: 5/5
  2250 | D:4      | Found a staircase to the Ecumenical Temple.
  2268 | Temple   | Entered the Ecumenical Temple
  2414 | D:4      | Reached skill level 7 in Axes
  2429 | D:4      | Found a hazy altar of Hepliaklqana.
  2429 | D:4      | Found a snail-covered altar of Cheibriados.
  2429 | D:4      | Found an opulent altar of Gozag.
  2432 | D:4      | Found a sparkling altar of Nemelex Xobeh.
  2515 | D:4      | Became a worshipper of Gozag Ym Sagoz the Greedy
  2764 | D:4      | Noticed an ice beast
  2771 | D:4      | Killed an ice beast
  3037 | D:5      | Entered Level 5 of the Dungeon
  3057 | D:5      | Reached XP level 7. HP: 62/62 MP: 6/6
  3085 | D:5      | Reached skill level 8 in Axes
  3997 | D:6      | Reached skill level 9 in Axes
  4683 | D:6      | Reached XP level 8. HP: 70/73 MP: 7/7
  4999 | D:7      | Reached skill level 10 in Axes
  5017 | D:7      | Noticed Maggie
  5026 | D:7      | HP: 2/73 [Maggie/+2 broad axe of flaming (12)]
  5026 | D:7      | Slain by Maggie

Illustrated notes

Levels and vault maps discovered:
D:1:      amcnicky_arrival_single_pillar, layout_basic
D:2:      layout_loops_corners, uniq_robin
D:3:      layout_rooms, mainiacjoe_overflow_boulevard, grunt_ministairs_7,
          roderic_nine_men_s_morris
D:4:      layout_basic, minitemple, minmay_temple_entry_poolview
D:5:      layout_gridville
D:6:      layout_basic
D:7:      layout_basic, grunt_ministairs_7, uniq_maggie
Temple:   eino_wide_crystal_templ

Skill      XL: |  1  2  3  4  5  6  7  8 |
---------------+-------------------------+-----
Axes           | 3 4 5 6 7 9 10 | 10.1
Fighting       | 4 5 7 |  7.4
Armour         | |  3.6
Shields        | |  3.6

Action                     |  1- 3 |  4- 6 |  7- 9 || total
---------------------------+-------+-------+-------++-------
  Melee: War axe           |    66 |   120 |   101 ||   287
         Headbutt          |     7 |    11 |    14 ||    32
 Invoke: Potion Petition   |       |       |     1 ||     1
    Use: Scroll            |     4 |     9 |     4 ||    17
         Potion            |       |       |     1 ||     1
   Stab: Distracted        |       |       |     1 ||     1
 Armour: Scale mail        |     3 |       |       ||     3
         Chain mail        |    41 |    66 |    68 ||   175
  Dodge: Dodged            |    44 |    51 |    42 ||   137
  Block: Buckler           |    18 |    48 |    35 ||   101

Table legend: (Time is in decaauts)
 A = Elapsed time spent in this place.
 B = Non-inter-level travel time spent in this place.
 C = Inter-level travel time spent in this place.
 D = Time resting spent in this place.
 E = Time spent auto-exploring this place.
 F = Levels seen in this place.
 G = Mean time per level.
                   A        B        C        D        E       F      G
               +--------+--------+--------+--------+--------+-----+--------+
         Total |   5231 |   5026 |    205 |     79 |   3978 |   8 |  653.9 |
       Dungeon |   5158 |   4975 |    183 |     79 |   3938 |   7 |  736.9 |
        Temple |     72 |     50 |     22 |      0 |     40 |   1 |   72.0 |
               +--------+--------+--------+--------+--------+-----+--------+

Top non-repeatable levels by time:
     D:6: 1237 daAuts
     D:2: 932 daAuts
     D:4: 860 daAuts
     D:5: 778 daAuts
     D:3: 709 daAuts
     D:1: 600 daAuts
  Temple: 72 daAuts
     D:7: 39 daAuts
